 Dungeon Crawl Stone Soup version 0.14-a0-2061-g6c6fb9c (webtiles) character file.

11572 Deemzul the Unseen (level 11, -3/72 HPs)
             Began as an Octopode Fighter on Jan 21, 2014.
             Was an Elder of Dithmengos.
             Slain by a yellow wasp (4 damage)
             ... while paralysed by a yellow wasp
             ... on Level 15 of the Dungeon.
             The game lasted 00:47:16 (16948 turns).

Deemzul the Unseen (Octopode Fighter)              Turns: 16948, Time: 00:47:16

HP  -3/72        AC  1     Str 15      XL: 11   Next: 77%
MP  36/36        EV  2     Int 13      God: Dithmengos [****..]
Gold 181         SH  0     Dex 16      Spells:  0 memorised, 10 levels left

rFire  + + .     SeeInvis .     D - +6,+7 hand axe of Due Proportion {freeze, rF++}
rCold  . . .     Rnd*Rage +     p - +0 large shield
rNeg   . . .     Conserve .     (helmet restricted)
rPois  .         rCorr    +     g - amulet of resist corrosion
rElec  .         rRot     .     n - +3 ring of intelligence
SustAb + .       Spirit   .     M - ring of sustain abilities
rMut   .         Warding  .     K - ring of magical power
Saprov . . .     Stasis   .     v - ring of magical power
MR     .....                    (no ring)
                                (no ring)
                                (no ring)
                                (no ring)

@: paralysed, wreathed by umbra, not resistant to hostile enchantments,
uncannily stealthy
A: almost no armour, amphibious, 8 rings, constrict 8, camouflage 1, berserk 1,
gelatinous body 1
a: Shadow Step, Renounce Religion


You were on level 15 of the Dungeon.
You worshipped Dithmengos.
Dithmengos was greatly pleased with you.
You were near starving.

You visited 2 branches of the dungeon, and saw 16 of its levels.
You visited 1 bazaar.
You also visited: Sewer.

You collected 734 gold pieces.
You spent 553 gold pieces at shops.

Inventory:

Hand weapons
 l - a +0 blowgun
 D - the +6,+7 hand axe of Due Proportion (weapon) {freeze, rF++}
   (You took it off an orc wizard on level 9 of the Dungeon)

   It has been specially enchanted to freeze those struck by it, causing extra
   injury to most foes and up to double damage against particularly susceptible
   opponents.
   It can also slow down cold-blooded creatures.
   It greatly protects you from fire.
 N - a +2,+4 war axe
Missiles
 e - 8 curare-tipped needles
 o - 42 poisoned needles
 q - 4 needles of slowing
Armour
 c - a cursed +1 shield
 p - a +0 large shield (worn)
Magical devices
 a - a wand of magic darts (5)
 B - a wand of cold (5)
 C - a wand of slowing (5)
 F - a wand of cold (8)
 J - a wand of draining (7)
 O - a wand of draining (6)
 P - a wand of disintegration (16)
Comestibles
 b - 4 meat rations
 d - 7 bread rations
 i - 10 pears
 m - a beef jerky
 H - a lychee
Scrolls
 h - 5 scrolls of identify
 k - a scroll of fear
 s - a scroll of magic mapping
 t - 2 scrolls of amnesia
 u - a scroll of fog {unknown}
 w - 7 scrolls of teleportation
 y - a scroll of enchant armour
 z - 2 scrolls of blinking
 E - a scroll of random uselessness
 I - 2 scrolls of enchant weapon I
 L - 3 scrolls of remove curse
Jewellery
 g - an amulet of resist corrosion (around mantle)
 j - an uncursed amulet of inaccuracy
 n - a +3 ring of intelligence (left tentacle)
 v - a ring of magical power (on tentacle)
 K - a ring of magical power (on tentacle)
 M - a ring of sustain abilities (right tentacle)
Potions
 f - 8 potions of curing
 r - a potion of resistance
 x - 3 potions of heal wounds
 A - 2 potions of flight
Books
 G - a book of Transfigurations

   Spells                             Type                      Level
   Stoneskin                          Transmutation/Earth          2
   Ice Form                           Ice/Transmutation            4
   Statue Form                        Transmutation/Earth          6
   Dragon Form                        Transmutation                7


   Skills:
 + Level 5.5 Fighting
 + Level 12.0 Axes
 + Level 5.3 Dodging
 + Level 16.1 Stealth
 + Level 5.3 Shields
 + Level 4.7 Evocations


You had 10 spell levels left.
You didn't know any spells.

Dungeon Overview and Level Annotations

Branches:
Dungeon (15/16)            Temple (1/1) D:6             Orc (0/4) D:10
 Vaults (0/5) D:15
   Lair: D:8-11

Altars:
Ashenzari
Cheibriados
Dithmengos
Elyvilon
Fedhas
Kikubaaqudgha
Makhleb
Nemelex Xobeh
Okawaru
Sif Muna
Trog
Vehumet
Xom
Yredelemnul
Zin
the Shining One

Shops:
D:9 %!}/:

Annotations:
D:4 Dowan, Duvessa
D:5 Pikel
D:10 Jenx's ghost, experienced MiFi
D:11 Fannar
D:15 Donald


Innate Abilities, Weirdness & Mutations

You cannot wear most types of armour.
You are amphibious.
You can wear up to eight rings at the same time.
You can use your tentacles to constrict many enemies at once.
Your skin changes colour to match your surroundings (Stlth).
Your rubbery body absorbs attacks (AC +1).
You tend to lose your temper in combat.


Message History

You squeeze the centaur.
The centaur is heavily wounded.
You hit the centaur. You freeze the centaur.
The centaur is almost dead.
You hit the yellow wasp. You freeze the yellow wasp.
The yellow wasp is moderately wounded.
The centaur hits you! The centaur hits you. You block the centaur's attack.
The yellow wasp stings you!
You suddenly lose the ability to move!
The centaur hits you but does no damage.
The centaur hits you.
* * * LOW HITPOINT WARNING * * *
The centaur hits you but does no damage.
The yellow wasp completely misses you. The centaur hits you.
* * * LOW HITPOINT WARNING * * *
The centaur hits you!
* * * LOW HITPOINT WARNING * * *
The centaur hits you.
* * * LOW HITPOINT WARNING * * *
The yellow wasp stings you.
You die...

. .. ..
.## .. .#
####.####
#..yc...#
#..@cc..#
#.(Zc...#
#(..o...#
#.......#
........#
#........#
#.#####?..
#5 .# #.


You could see a yellow wasp, 4 centaurs, an orc wizard, a crimson imp (sleeping)
and a boring beetle simulacrum.

Vanquished Creatures
  A wolf spider zombie (D:14)
  A two-headed ogre (D:11)
  3 trolls
  A slime creature (D:13)
  A basilisk (D:14)
  A shadow (D:12)
  A wraith (D:10)
  2 wyverns
  5 yaks (D:12)
  An ugly thing (D:11)
  A hungry ghost (D:11)
  2 molten gargoyles (D:10)
  2 wolves (D:10)
  2 vampire mosquitoes (D:13)
  Edmund (D:4)
  2 hill giant skeletons
  A soldier ant (D:12)
  A necrophage (D:9)
  2 phantoms
  2 yellow wasps
  A deep dwarf (D:13)
  2 ice beasts
  11 orc warriors
  A slave (D:5)
  A black bear (D:9)
  3 ogres
  5 sky beasts
  5 giant frogs
  3 centaurs
  7 big kobolds
  A cyclops zombie (D:9)
  A water moccasin (D:8)
  A hippogriff zombie (D:9)
  3 killer bees (D:13)
  12 wights
  3 goliath beetles
  9 orc priests
  A centaur zombie (D:9)
  A jelly (D:9)
  11 hounds
  4 crimson imps
  A giant frog zombie (D:9)
  2 giant frog skeletons
  5 iguanas
  4 orc wizards
  2 scorpions (D:7)
  8 worker ants
  A crocodile zombie (D:9)
  A sky beast zombie (D:5)
  Ijyb (D:7)
  A mottled dragon skeleton (D:13)
  A big kobold skeleton (D:11)
  A hound skeleton (D:7)
  A mummy (D:6)
  3 gnolls (D:3)
  A green rat (Sewer)
  17 adders
  A giant centipede (D:13)
  4 giant mites
  8 worms
  An adder zombie (D:6)
  An adder skeleton (D:4)
  2 grey rats (Sewer)
  2 giant eyeballs
  8 giant geckos
  4 oozes
  59 orcs
  14 bats
  12 giant cockroaches
  13 goblins
  15 hobgoblins
  8 jackals
  33 kobolds
  7 quokkas
  2 ball pythons
  7 giant newts
  A giant spore (D:14)
  2 hobgoblin skeletons (D:4)
  A hobgoblin zombie (D:6)
  A kobold skeleton (D:6)
  An orc skeleton (D:8)
  An orc zombie (D:9)
  20 rats
  4 ballistomycetes
401 creatures vanquished.

Vanquished Creatures (others)
  A hill giant (D:14)
  A giant spore (D:7)
2 creatures vanquished.

Grand Total: 403 creatures vanquished

Notes
Turn   | Place    | Note
--------------------------------------------------------------
     0 | D:1      | Deemzul, the Octopode Fighter, began the quest for the Orb.
     0 | D:1      | Reached XP level 1. HP: 16/16 MP: 1/1
    27 | D:1      | Reached skill level 1 in Stealth
   214 | D:1      | Reached XP level 2. HP: 7/21 MP: 2/2
   937 | D:1      | Reached XP level 3. HP: 23/26 MP: 3/3
  1443 | D:2      | Reached XP level 4. HP: 29/31 MP: 4/4
  2190 | D:2      | Gained mutation: You tend to lose your temper in combat. [potion of mutation]
  2190 | D:2      | Gained mutation: Your body is slowly deteriorating. [potion of mutation]
  2192 | D:2      | Lost mutation: Your body is slowly deteriorating. [potion of cure mutation]
  2291 | D:3      | Reached skill level 4 in Stealth
  2366 | D:3      | Reached XP level 5. HP: 33/36 MP: 5/5
  2579 | D:3      | Reached skill level 9 in Axes
  2579 | D:3      | Reached skill level 12 in Stealth
  2579 | D:3      | Reached XP level 6. HP: 42/42 MP: 6/6
  3152 | D:4      | Found a glowing drain.
  3251 | Sewer    | Entered a sewer
  3557 | Sewer    | Reached XP level 7. HP: 28/46 MP: 7/7
  3931 | Sewer    | Reached skill level 13 in Stealth
  4623 | D:4      | Reached skill level 10 in Axes
  4656 | D:4      | Reached XP level 8. HP: 52/52 MP: 8/8
  4665 | D:4      | Noticed Dowan
  4666 | D:4      | Noticed Duvessa
  4797 | D:5      | Entered Level 5 of the Dungeon
  4808 | D:5      | Noticed Pikel
  4847 | D:5      | Noticed Edmund
  5107 | D:4      | Killed Edmund
  6764 | D:6      | Found a staircase to the Ecumenical Temple.
  6782 | Temple   | Entered the Ecumenical Temple
  7153 | D:7      | Reached skill level 14 in Stealth
  7267 | D:7      | Found a shadowy altar of Dithmengos.
  7557 | D:6      | Reached XP level 9. HP: 47/56 MP: 9/9
  7853 | D:6      | Found a glowing golden altar of the Shining One.
  7853 | D:6      | Found an iron altar of Okawaru.
  7854 | D:6      | Found a white marble altar of Elyvilon.
  9126 | D:7      | Became a worshipper of Dithmengos
  9372 | D:7      | Noticed Ijyb
  9379 | D:7      | Killed Ijyb
 10977 | D:9      | Found Cluptamu's Food Shop.
 10985 | D:9      | Found Cludumu's Distillery.
 11062 | D:9      | Bought a potion of speed for 77 gold pieces
 11062 | D:9      | Bought a potion of heal wounds for 42 gold pieces
 11225 | D:9      | Reached skill level 15 in Stealth
 11225 | D:9      | Reached XP level 10. HP: 57/63 MP: 10/10
 11329 | D:9      | Found Qumahora's Gadget Boutique.
 11576 | D:9      | Reached skill level 1 in Evocations
 11650 | D:9      | Got a slimy hand axe
 11653 | D:9      | Identified the +6,+7 hand axe of Due Proportion {freeze, rF++} (You took it off an orc wizard on level 9 of the Dungeon)
 11822 | D:9      | Found Yshiewid's Magical Wand Boutique.
 12348 | D:9      | Found Crea's Book Shoppe.
 12382 | D:10     | Entered Level 10 of the Dungeon
 12503 | D:10     | Noticed a hill giant
 12542 | D:10     | Acquired Dithmengos' first power
 13084 | D:10     | Noticed a hill giant
 13281 | D:10     | Noticed Jenx's ghost (experienced MiFi)
 13319 | D:10     | Found a staircase to the Orcish Mines.
 13514 | D:11     | Noticed Fannar
 13561 | D:11     | Reached XP level 11. HP: 70/70 MP: 16/16
 13645 | D:11     | Acquired Dithmengos' second power
 14001 | D:11     | Noticed a hill giant
 14403 | D:12     | Found a white marble altar of Elyvilon.
 14531 | D:12     | Reached skill level 5 in Dodging
 14531 | D:12     | Reached skill level 5 in Shields
 14829 | D:12     | Reached skill level 5 in Fighting
 15767 | D:13     | Acquired Dithmengos' third power
 16052 | D:13     | Paralysed by a potion of paralysis for 7 turns
 16309 | D:14     | Noticed a rakshasa
 16345 | D:14     | Reached skill level 16 in Stealth
 16487 | D:14     | Killed a hill giant
 16734 | D:15     | Entered Level 15 of the Dungeon
 16734 | D:15     | Found a gate to the Vaults.
 16734 | D:15     | Noticed a skeletal warrior
 16734 | D:15     | Noticed Donald
 16734 | D:15     | Noticed a hill giant
 16734 | D:15     | Noticed a skeletal warrior
 16734 | D:15     | Noticed a skeletal warrior
 16734 | D:15     | Noticed a skeletal warrior
 16833 | D:14     | Found a gateway to a bazaar.
 16847 | Bazaar   | Entered a bazaar
 16847 | Bazaar   | Found Irilutto's Book Emporium.
 16847 | Bazaar   | Found Croisaid's Magical Wand Shoppe.
 16847 | Bazaar   | Found Tulewn's Food Emporium.
 16848 | Bazaar   | Found Graana Fuoff's Assorted Antiques.
 16848 | Bazaar   | Found Pnoqaifa's General Store.
 16865 | Bazaar   | Bought an uncursed amulet of inaccuracy for 22 gold pieces
 16876 | Bazaar   | Bought a scroll of teleportation for 48 gold pieces
 16876 | Bazaar   | Bought a scroll labeled BUMMAL BONYARGH for 16 gold pieces
 16876 | Bazaar   | Bought a wand of cold for 128 gold pieces
 16879 | Bazaar   | Bought a wand of disintegration (16) for 220 gold pieces
 16947 | D:15     | Paralysed by a yellow wasp for 2 turns
 16948 | D:15     | HP: 1/72 [centaur (3)]
 16948 | D:15     | Slain by a yellow wasp

Action                   |  1- 3 |  4- 6 |  7- 9 | 10-12 || total
-------------------------+-------+-------+-------+-------++-------
Melee: Hand axe          |    74 |   156 |   135 |   378 ||   743
       War axe           |       |       |   215 |    43 ||   258
Evoke: Wand              |       |       |    10 |    13 ||    23
  Use: Scroll            |       |     6 |     2 |    12 ||    20
       Potion            |       |     9 |     7 |     6 ||    22
 Stab: Sleeping          |     9 |    22 |    38 |    50 ||   119
       Fleeing           |       |       |     1 |       ||     1
       Distracted        |       |       |     3 |     9 ||    12
